Map: Frozen Temple

Players

Scythe

  • Race: Terran Terran
  • League: Grandmaster

Miszu - Winner!

  • Race: Terran Terran
  • League: Master

VOD

Have the link to the VOD?

Description

Time

  • Played on: April 8, 2016, 11:46 a.m.
  • Length: 9:13
Show
View Real Time Build Order
Export as new Build Order

Scythe Terran 

Build Orders: MMM Bio 

Get SALT Encoding   

  12  0:00  SCV  
  13  0:13  SCV  
  14  0:17  Supply Depot  
  14  0:25  SCV  
  15  0:39  Barracks, SCV  
  16  0:44  Refinery  
  16  0:53  SCV  
  17  1:05  SCV  
  18  1:18  SCV  
  19  1:29  Barracks Reactor  
  20  1:36  Orbital Command  
  19  1:45  Supply Depot  
  19  1:56  Command Center  
  19  2:02  SCV  
  19  2:06  Marine x2  
  22  2:13  Factory  
  22  2:17  SCV  
  22  2:20  Refinery  
  23  2:26  Marine x2  
  25  2:32  SCV  
  26  2:44  Supply Depot, Marine x2  
  26  2:50  SCV  
  29  2:57  Starport, Factory Tech Lab  
  29  3:02  Marine x2  
  31  3:06  SCV  
  32  3:17  Cyclone  
  35  3:26  Marine x2  
  37  3:27  SCV  
  38  3:38  Viking  
  40  3:42  SCV  
  41  3:49  Orbital Command  
  39  4:06  Marine x2, Siege Tank  
  39  4:07  SCV  
  44  4:13  Medivac  
  44  4:14  SCV  
  45  4:29  SCV  
  45  4:30  SCV  
  47  4:41  SCV  
  48  4:46  Marine x2  
  48  4:52  SCV  
  51  4:54  SCV  
  52  5:01  Supply Depot  
  52  5:04  Marine, SCV  
  54  5:22  Marine x2, Siege Tank, SCV x2  
  54  5:23  Supply Depot  
  61  5:36  Supply Depot, Medivac, SCV  
  61  5:37  SCV  
  61  5:40  Marine x2  
  67  5:48  SCV  
  67  5:49  SCV  
  69  5:57  Barracks  
  69  5:58  Marine x2, Siege Tank  
  74  6:16  Marine  
  74  6:18  SCV x2  
  75  6:20  Starport Tech Lab  
  75  6:24  Barracks  
  75  6:25  Barracks  
  75  6:26  Barracks  
  75  6:29  Refinery  
  75  6:30  Engineering Bay, SCV  
  76  6:42  Marine x2  
  78  6:50  SCV x2  
  78  6:51  Marine  
  78  6:52  Factory Tech Lab  
  78  6:53  Starport Reactor, Stimpack  
  81  7:02  SCV  
  81  7:03  Marine x2  
  81  7:04  SCV  
  81  7:06  Supply Depot  
  81  7:07  Terran Infantry Weapons Level 1  
  81  7:08  Supply Depot  
  85  7:13  Barracks Reactor  
  85  7:14  Barracks Reactor  
  85  7:18  Siege Tank  
  85  7:19  Combat Shields  
  88  7:25  Marine x2  
  88  7:26  Marine x2  
  92  7:33  Medivac  
  94  7:43  Marine x3  
  96  7:44  Marine  
  96  7:50  Supply Depot, Marine x2, Siege Tank  
  102  7:54  Marine  
  102  7:55  Marine  
  102  7:56  Medivac  
  105  8:00  Supply Depot  
  105  8:01  Marine  
  106  8:09  Marine  
  106  8:10  Marine x3  
  106  8:11  Marine, Medivac  
  113  8:15  Marine  
  114  8:29  Marine  
  114  8:30  Marine  
  114  8:31  Marine x2  
  114  8:34  Marine x2  
  116  8:48  Starport Reactor  
  113  8:49  Marine x3  
Show
View Real Time Build Order
Export as new Build Order

Miszu Terran - Winner!

Build Orders: 1/1/1, MMM Bio 

Get SALT Encoding   

  12  0:01  SCV  
  13  0:13  SCV  
  14  0:18  Supply Depot  
  14  0:25  SCV  
  15  0:39  SCV  
  16  0:43  Refinery  
  16  0:45  Barracks  
  16  0:51  SCV  
  16  0:55  Refinery  
  17  1:03  SCV  
  18  1:16  SCV  
  19  1:28  SCV  
  19  1:32  Factory  
  20  1:33  Marine  
  21  1:40  Orbital Command  
  21  1:46  Supply Depot  
  21  1:50  Marine  
  22  2:05  SCV  
  23  2:08  Marine  
  24  2:16  Hellion  
  24  2:19  Starport  
  24  2:21  SCV  
  27  2:28  Supply Depot  
  27  2:30  Marine  
  28  2:37  Hellion  
  28  2:40  SCV  
  31  2:49  Marine  
  32  2:53  SCV  
  32  2:55  Medivac  
  35  3:01  Supply Depot  
  35  3:07  Marine, Hellion  
  35  3:11  SCV  
  39  3:23  SCV  
  42  3:32  Barracks Reactor  
  42  3:35  SCV  
  42  3:40  Factory Tech Lab  
  41  3:43  Starport Tech Lab  
  41  3:45  Command Center  
  41  3:48  SCV  
  37  4:06  SCV  
  37  4:08  Marine x2  
  38  4:23  SCV  
  37  4:26  Marine  
  37  4:28  Barracks  
  37  4:29  Raven  
  37  4:30  Barracks  
  35  4:34  Siege Tank  
  35  4:37  SCV  
  39  4:49  SCV  
  39  4:51  Marine  
  39  4:52  Marine  
  42  4:59  Orbital Command  
  42  5:02  SCV  
  43  5:08  Siege Tank  
  43  5:14  SCV  
  47  5:20  Barracks Tech Lab x2  
  47  5:25  Engineering Bay  
  47  5:26  SCV x2  
  47  5:27  Starport Reactor  
  47  5:28  Refinery, Marine  
  49  5:29  Marine  
  51  5:38  SCV  
  51  5:39  Supply Depot, Marine, SCV  
  51  5:41  Stimpack  
  54  5:42  Combat Shields  
  54  5:46  Marine  
  54  5:48  Supply Depot, Refinery  
  55  5:50  SCV  
  55  5:51  Marine, SCV  
  58  5:57  Terran Infantry Weapons Level 1  
  58  6:02  SCV  
  58  6:03  SCV  
  60  6:05  Supply Depot, Marine  
  60  6:07  Marine  
  60  6:09  Marine  
  63  6:14  SCV  
  63  6:15  SCV  
  64  6:19  Marine  
  64  6:22  Siege Tank  
  64  6:23  Marine  
  64  6:24  Marine  
  70  6:26  SCV  
  70  6:27  SCV  
  70  6:28  Supply Depot  
  70  6:31  Supply Depot  
  72  6:32  Medivac  
  72  6:38  Marine x2  
  76  6:40  Medivac  
  76  6:45  Marine x2  
  80  6:54  Siege Tank  
  80  6:55  Supply Depot  
  80  6:57  Marine x2  
  85  7:03  Marine  
  85  7:07  Command Center  
  86  7:12  Marine  
  86  7:14  Medivac x2  
  86  7:15  Marine  
  92  7:19  Supply Depot  
  92  7:20  Supply Depot  
  92  7:29  Marine  
  92  7:30  Marine x2  
  92  7:33  Marine  
  92  7:36  Barracks  
  96  7:38  Barracks  
  96  7:42  Supply Depot  
  96  7:43  Medivac  
  96  7:44  Supply Depot, Medivac  
  100  7:48  Marine  
  104  7:51  Siege Tank  
  104  7:52  Marine x2  
  107  8:06  Supply Depot, Marine  
  107  8:10  Marine  
  108  8:12  Engineering Bay  
  108  8:14  Armory  
  108  8:21  SCV  
  109  8:28  Orbital Command  
  109  8:29  Marine x2  
  109  8:31  Barracks Reactor  
  109  8:32  Barracks Reactor  
Tags
 
Add a new tag
Caveats
  • Supply blocks, unpowered buildings, or Contaminate may cause inaccurate times.
  • Supply counts are checked every 10 seconds.